AoeStats
← 白鹿城拉车车

MegaRandom

509043031Analyzed
4v4 RM · 5d ago on Sep 25, 2026· 71m 5s· 8 players
Game mode
Random Map
Map size
Large (8 player)
Population
200
Speed
Normal
Resources
Standard
Victory
Conquest
Starting age
Dark Age
Ending age
Imperial Age
RankedLock teamsTeams togetherTeam positionsShared explorationLock speedFull tech treeHidden civsTurbo modeCheats
Victory
Defeat
🇨🇳 Mapuche · China
1375
+14
1332
+15
🇨🇳 Malians · China
1330
+15
🇨🇳 Saxons · China
1303
+17
🇲🇽 Saxons · Mexico
1364
-17
🇮🇳 Berbers · India
1363
-17
🇹🇼 Portuguese · Taiwan
1287
-14
🇲🇽 Vietnamese · Mexico
1262
-13
STDofBelisarius
6:41 Loom
9:20 Feudal Age
10:21 Double-Bit Axe
11:38 Horse Collar
16:31 Forging
20:01 Castle Age
21:50 Wheelbarrow
21:58 Light Cavalry
23:11 Bow Saw
23:44 Forging
25:40 Scale Barding Armor
26:40 Gold Mining
35:06 Imperial Age
33:46 Iron Casting
35:45 Cavalier
36:49 Husbandry
36:59 Bloodlines
37:17 Conscription
37:23 Heavy Plow
38:26 Chain Barding Armor
41:23 Plate Barding Armor
46:06 Farimba
49:47 Gold Shaft Mining
49:04 Stone Mining
48:57 Onager
50:08 Caravan
51:29 Tigui
51:47 Hand Cart
51:21 Heavy Camel Rider
55:35 Fletching
55:34 Capped Ram
57:32 Tigui
68:00 Hoardings
70:38 Crop Rotation
71:50 Coinage
微操大师蒋中正
10:31 Feudal Age
15:19 Castle Age
16:32 Double-Bit Axe
16:46 Gold Mining
17:55 Bow Saw
18:01 Loom
19:49 Bow Saw
21:43 Horse Collar
24:08 Wheelbarrow
26:15 Heavy Plow
29:52 Stone Mining
34:34 Imperial Age
32:40 Wheelbarrow
32:37 Town Watch
34:22 Hand Cart
35:10 Stone Shaft Mining
35:42 Conscription
34:52 Capped Ram
35:01 Onager
36:36 Crop Rotation
37:10 Two-Man Saw
36:11 Elite Jarl
37:21 Onager
44:08 Forging
44:03 Scale Barding Armor
43:28 Gothikon
45:14 Vendel Legacy
47:25 Chain Barding Armor
47:41 Iron Casting
47:06 Scale Mail Armor
48:01 Fletching
50:01 Bodkin Arrow
51:07 Blast Furnace
50:43 Plate Barding Armor
52:20 Chemistry
51:41 Ballistics
50:54 Elite Varangian Guard
53:46 Arson
54:02 Squires
54:04 Treadmill Crane
56:59 Bracer
57:15 Chain Mail Armor
57:01 Padded Archer Armor
57:43 Husbandry
57:54 Bloodlines
57:04 Light Cavalry
57:06 Cavalier
57:08 Vendel Legacy
59:30 Siege Ram
60:08 Hussar
64:04 Leather Archer Armor
64:19 Plate Mail Armor
65:42 Gambesons
白鹿城拉车车
10:18 Feudal Age
11:33 Double-Bit Axe
14:03 Castle Age
12:12 Horse Collar
13:03 Gold Mining
14:16 Fletching
17:32 Bodkin Arrow
22:47 Ballistics
25:06 Loom
27:04 Padded Archer Armor
28:19 Leather Archer Armor
29:01 Bow Saw
31:11 Wheelbarrow
33:32 Hand Cart
33:44 Town Watch
36:23 Town Patrol
41:17 Imperial Age
39:56 Gold Shaft Mining
39:22 Heavy Plow
40:46 Malon
41:00 Stone Mining
42:54 Ring Archer Armor
43:27 Chemistry
42:08 Treadmill Crane
43:10 Butalmapu
43:25 Conscription
44:33 Elite Bolas Rider
45:49 Masonry
49:18 Architecture
48:36 Arrowslits
54:41 Stone Shaft Mining
54:36 Crop Rotation
54:52 Forging
54:42 Scale Mail Armor
54:04 Elite Kona
55:19 Hoardings
56:13 Iron Casting
56:10 Caravan
57:40 Chain Mail Armor
58:28 Coinage
59:11 Blast Furnace
60:50 Plate Mail Armor
60:59 Siege Engineers
62:38 Banking
62:47 Elite Skirmisher
66:06 Murder Holes
66:37 Pikeman
Dd
6:46 Loom
9:36 Feudal Age
17:58 Castle Age
15:53 Double-Bit Axe
16:40 Fletching
19:02 Padded Archer Armor
23:01 Scale Mail Armor
24:53 Forging
26:18 Gambesons
26:19 Arson
26:34 Squires
26:54 Crossbowman
30:44 Chain Mail Armor
31:35 Squires
31:33 Town Watch
33:35 Iron Casting
36:37 Horse Collar
37:38 Wheelbarrow
40:42 Imperial Age
42:24 Conscription
44:06 Plate Mail Armor
44:31 Elite Varangian Guard
45:26 Pikeman
47:20 Halberdier
50:28 Hand Cart
51:24 Man-at-Arms
51:35 Shield Wall
52:08 Long Swordsman
53:12 Bow Saw
53:52 Clerical Recruitment
54:13 Two-Handed Swordsman
55:14 Gold Mining
55:16 Stone Mining
56:29 Two-Man Saw
55:34 Heavy Plow
54:58 Champion
56:32 Gold Shaft Mining
57:46 Hoardings
58:48 Chemistry
58:11 Treadmill Crane
58:17 Arrowslits
58:46 Fortified Wall
59:08 Bodkin Arrow
60:18 Crop Rotation
60:05 Guard Tower
60:36 Ballistics
60:14 Capped Ram
61:08 Masonry
60:54 Murder Holes
63:37 Keep
66:59 Siege Ram
68:31 Elite Hearth Troop
69:28 Guilds
69:19 Caravan
alex1993327
0:31 Loom
10:24 Feudal Age
16:35 Castle Age
15:03 Double-Bit Axe
17:24 Stone Mining
20:18 Horse Collar
23:47 Heavy Plow
34:39 Imperial Age
33:31 Wheelbarrow
35:03 Elite Organ Gun
43:04 Coinage
43:55 Hand Cart
49:42 Chemistry
49:26 Siege Engineers
51:06 Chemistry
51:06 Bow Saw
50:45 Town Watch
51:28 Fletching
52:16 Banking
54:41 Arquebus
55:58 Caravan
adi.rathore
6:27 Loom
10:02 Feudal Age
10:39 Double-Bit Axe
15:51 Scale Barding Armor
21:26 Castle Age
19:40 Horse Collar
23:22 Chain Barding Armor
24:11 Bloodlines
25:00 Forging
25:37 Husbandry
32:07 Iron Casting
36:51 Imperial Age
37:01 Imperial Age
35:13 Wheelbarrow
38:24 Plate Barding Armor
37:12 Cavalier
39:46 Blast Furnace
40:43 Hand Cart
46:57 Conscription
47:27 Light Cavalry
48:00 Hussar
55:17 Fletching
56:17 Bow Saw
57:59 Caravan
60:55 Heavy Plow
63:09 Treadmill Crane
65:26 Bodkin Arrow
69:29 Chemistry
69:48 Crop Rotation
woodyshaack
7:21 Loom
9:32 Feudal Age
10:12 Double-Bit Axe
10:04 Man-at-Arms
11:30 Arson
12:15 Horse Collar
28:41 Castle Age
28:20 Wheelbarrow
30:16 Bow Saw
30:08 Heavy Plow
30:48 Forging
30:31 Fletching
33:00 Thumb Ring
35:35 Bodkin Arrow
42:13 Ballistics
44:56 Padded Archer Armor
48:04 Imperial Age
45:54 Hand Cart
46:11 Husbandry
46:22 Bloodlines
46:36 Leather Archer Armor
48:57 Bracer
48:43 Heavy Mounted Crossbowman
50:30 Conscription
49:53 Cranequins
51:40 Cavalier
54:21 Two-Man Saw
55:24 Chemistry
58:26 Ring Archer Armor
57:40 Treadmill Crane
58:41 Scale Barding Armor
58:46 Forging
61:04 Shield Wall
61:15 Light Cavalry
62:32 Iron Casting
62:18 Chain Barding Armor
62:54 Caravan
63:28 Hussar
64:41 Masonry
68:50 Gold Mining
ZepedaAn
7:10 Loom
9:31 Feudal Age
10:01 Double-Bit Axe
12:17 Wheelbarrow
14:44 Fletching
17:05 Horse Collar
22:27 Castle Age
20:20 Gold Mining
22:28 Crossbowman
23:06 Bodkin Arrow
23:26 Bow Saw
23:37 Thumb Ring
23:47 Padded Archer Armor
25:02 Ballistics
26:03 Leather Archer Armor
31:12 Hand Cart
36:18 Imperial Age
34:45 Stone Mining
36:19 Arbalester
37:01 Bracer
37:02 Heavy Plow
38:43 Chemistry
41:50 Elite Rattan Archer
47:01 Ring Archer Armor
46:57 Paper Money
50:20 Two-Man Saw
66:30 Caravan
Connection lost

Rejoining the realm…

Still unreachable

The connection could not be restored.

Session expired

The server has moved on; the page needs a fresh start.